 Dungeon Crawl Stone Soup version 0.21.1-1-g345015fe64 (webtiles) character file.

90 Fascinator the Ruffian (level 4, -6/38 HPs)
             Began as a Draconian Transmuter on July 6, 2018.
             Killed by nerve-wracking pain
             ... invoked by Jessica
              (9 damage)
             ... on level 2 of the Dungeon.
             The game lasted 00:03:31 (1242 turns).

Fascinator the Ruffian (Draconian Transmuter)       Turns: 1242, Time: 00:03:31

Health: -6/38      AC:  5    Str: 13    XL:     4   Next: 32%
Magic:  6/7        EV: 12    Int: 13    God:
Gold:   77         SH:  0    Dex: 12    Spells: 6/7 levels left

rFire    . . .     SeeInvis +     - Unarmed
rCold    . . .     Gourm    .   (no shield)
rNeg     . . .     Faith    .   (armour unavailable)
rPois    .         Spirit   .   (helmet restricted)
rElec    .         Reflect  .   (no cloak)
rCorr    .         Harm     .   (no gloves)
MR       .....                  (no boots)
Stlth    +.........             (no amulet)
HPRegen  0.12/turn              e - ring of see invisible
MPRegen  0.10/turn              (no ring)

@: appendage
A: unfitting armour, horns 2, cold-blooded, AC +5
a: End Transformation


You were on level 2 of the Dungeon.
You were hungry.
You had grown temporary horns.
You visited 1 branch of the dungeon, and saw 2 of its levels.

You collected 77 gold pieces.

Inventory:

Missiles
 a - 72 arrows
Jewellery
 e - a ring of see invisible (left hand)
Scrolls
 f - 2 scrolls of random uselessness {unknown}
 g - a scroll of teleportation {unknown}
 h - a scroll of enchant armour {unknown}
 i - a scroll of identify {unknown}
 j - a scroll of remove curse {unknown}
Potions
 d - a potion of brilliance {unknown}
Books
 b - a book of Changes

   Spells                             Type                      Level
   a - Beastly Appendage              Transmutation                1
   b - Sticks to Snakes               Transmutation                2
   c - Spider Form                    Transmutation/Poison         3
   d - Ice Form                       Ice/Transmutation            4
   e - Blade Hands                    Transmutation                5
Comestibles
 c - 3 rations
 k - a chunk of flesh


   Skills:
 * Level 3.0 Fighting
 + Level 2.3 Dodging
 * Level 4.0 Unarmed Combat
 - Level 2.0 Spellcasting
 - Level 2.0 Transmutations


You had 6 spell levels left.
You knew the following spells:

 Your Spells              Type           Power        Failure   Level  Hunger
a - Beastly Appendage     Tmut           #.....       11%         1    ##.....


Dungeon Overview and Level Annotations

Branches:
Dungeon (2/15)

Altars:

Annotations:
D:2 Jessica


Innate Abilities, Weirdness & Mutations

Your plain brown scales are hard. (AC +5)
You cannot fit into any form of body armour.
You are cold-blooded and may be slowed by cold attacks.
You have a pair of horns on your head.


Message History

Jessica zaps a wand.
You resist with some effort.
Casting: Beastly Appendage
Confirm with . or Enter, or press ? or * to list all spells.
You grow a pair of large bovine horns.
Jessica hits you but does no damage.
You hit Jessica but do no damage.
You tail-slap Jessica, but do no damage.
Jessica zaps a wand.
You resist with some effort. Jessica barely misses you.
You hit Jessica but do no damage. Jessica hits you.
* * * LOW HITPOINT WARNING * * *
You closely miss Jessica.
You tail-slap Jessica, but do no damage.
Jessica barely misses you.
You closely miss Jessica. You headbutt Jessica.
Jessica is moderately wounded.
Jessica zaps a wand.
You resist with some effort.
Jessica casts a spell.
Jessica blinks!
Jessica gestures at you while chanting. Pain shoots through your body!
You die...

....................#
##..................#
....................#
....................#
..............†.....#
..#.....#...###.#####
....#.......# #.##
......###÷..# #..#
.....## #.†.# ##@#
...w## #.††# #.#
..l.# ###†# #§# ....#
#@## #.# ....# #..#
#@# ..... ##.###.#
).... #.@.(.### ....#
.>######...## #####
.......#.#..##


You could see Jessica.

Vanquished Creatures
  4 adders (D:2)
  2 oozes
  2 worms (D:2)
  A dart slug (D:2)
  2 leopard geckos (D:2)
  A ball python (D:2)
  5 bats
  A giant cockroach (D:1)
  3 goblins
  4 hobgoblins
  5 frilled lizards
  6 kobolds
  5 rats
41 creatures vanquished.

Notes
Turn   | Place    | Note
-------+----------+-------------------------------------------
     0 | D:1      | Fascinator the Draconian Transmuter began the quest for the Orb.
     0 | D:1      | Reached XP level 1. HP: 16/16 MP: 3/3
   288 | D:1      | Reached XP level 2. HP: 21/24 MP: 3/5
   601 | D:2      | Reached XP level 3. HP: 25/29 MP: 4/6
  1059 | D:2      | Reached XP level 4. HP: 37/37 MP: 5/7
  1169 | D:2      | Noticed Jessica
  1193 | D:2      | Reached skill level 4 in Unarmed Combat
  1242 | D:2      | Killed from afar by Jessica

Skill      XL: |  1  2  3  4 |
---------------+-------------+-----
Dodging        | 2 |  2.3
Fighting       | 2 3 |  3.0
Unarmed Combat | 4 |  4.0
Spellcasting   | |  2.0
Transmutations | |  2.0

Action                   |  1- 3 |  4- 6 || total
-------------------------+-------+-------++-------
Melee: Unarmed           |   103 |    42 ||   145
       Tailslap          |     8 |     5 ||    13
       Kick              |     8 |     1 ||     9
       Headbutt          |     5 |     1 ||     6
 Cast: Beastly Appendage |    10 |     3 ||    13
 Stab: Sleeping          |     1 |       ||     1
  Eat: Chunk             |       |     1 ||     1
Armor: Skin              |    23 |    15 ||    38
Dodge: Dodged            |    87 |    18 ||   105
